 Dungeon Crawl Stone Soup version 0.32-a0-791-gfc315c9ecd (webtiles) character file.

Game seed: 2515188436975582201

58 pokeman the Magician (level 3, -1/20 HPs)
             Began as a Deep Elf Hedge Wizard on Mar 20, 2024.
             Succumbed to an adder's poison
             ... on level 2 of the Dungeon.
             The game lasted 00:02:38 (1599 turns).

pokeman the Magician (Deep Elf Hedge Wizard)        Turns: 1599, Time: 00:02:38

Health: -1/20      AC:  3    Str:  7    XL:     3   Next: 76%
Magic:  5/11       EV: 12    Int: 20    God:
Gold:   81         SH:  0    Dex: 20    Spells: 4/12 levels left

rFire   . . .        f - staff of conjuration
rCold   . . .        (no shield)
rNeg    . . .        b - +0 robe
rPois   .            e - +0 helmet
rElec   .            (no cloak)
rCorr   .            (no gloves)
SInv    .            (no boots)
Will    .....        (no amulet)
Stlth   ++           h - +6 ring of dexterity
HPRegen 0.23/turn    (no ring)
MPRegen 0.12/turn

%: no passive effects
@: lethally poisoned (-1 -> -7), very slightly contaminated
A: no striking features
a: no special abilities


You were on level 2 of the Dungeon.
You visited 1 branch of the dungeon, and saw 2 of its levels.

You collected 81 gold pieces.

Inventory:

Armour
 b - a +0 robe (worn)
 e - a +0 helmet (worn)
Magical Staves
 f - a staff of conjuration (weapon)
Jewellery
 h - a +6 ring of dexterity (left hand)
Scrolls
 c - a scroll of immolation {unknown}
 g - a scroll of summoning {unknown}
 j - 4 scrolls of identify {unknown}
Potions
 d - a potion of magic
 i - a potion of lignification {unknown}
 k - a potion of attraction {unknown}


   Skills:
 + Level 1.0 Fighting
 + Level 1.0 Armour
 - Level 2.4 Dodging
 - Level 2.4 Stealth
 * Level 5.4 Spellcasting
 + Level 2.0 Conjurations
 - Level 1.1 Summonings
 - Level 1.1 Translocations


You had 4 spell levels left.
You knew the following spells:

 Your Spells              Type           Power      Damage    Failure   Level
a - Magic Dart            Conj           80%        1d7       4%          1
b - Mephitic Cloud        Conj/Alch/Air  12%        N/A       26%         3
c - Call Imp              Summ           18%        N/A       11%         2
d - Blink                 Tloc           18%        N/A       11%         2

Your spell library contained the following spells:

 Spells                   Type           Power      Damage    Failure   Level
 Slow                     Hex            20%        N/A       11%         1
 Cigotuvi's Dreadful Rot  Necr/Alch/Air  10%        N/A       17%         2


Dungeon Overview and Level Annotations

Branches:
Dungeon (2/15)

Altars:


Message History

Press: ? - help, Shift-Dir - straight line, f/p - adder
Aim: an adder (almost dead, 100% to hit)
You feel a surge of power!
The magic dart hits the adder.
The adder is almost dead.
* * * LOW HITPOINT WARNING * * *
You feel sick. The adder closely misses you.
Casting: Magic Dart (safe; 4% risk of failure)
Confirm with . or Enter, or press ? or * to list all spells.
Aiming: Magic Dart (safe; 4% risk of failure)
Press: ? - help, Shift-Dir - straight line, f/p - adder
Aim: an adder (almost dead, 100% to hit)
You feel a surge of power!
You miscast Magic Dart.
You are very lightly contaminated with residual magic.
Nothing appears to happen.
* * * LOW HITPOINT WARNING * * *
You feel sick. The adder bites you.
* * * LOW HITPOINT WARNING * * *
It was a potion of curing.
You feel better. The adder bites you.
You are poisoned.
The adder poisons you! The adder bites you.
* * * LOW HITPOINT WARNING * * *
You are more poisoned.
The adder poisons you!
Casting: Magic Dart (safe; 4% risk of failure)
Confirm with . or Enter, or press ? or * to list all spells.
Aiming: Magic Dart (safe; 4% risk of failure)
Press: ? - help, Shift-Dir - straight line, f/p - adder
Aim: an adder (almost dead, 100% to hit)
You feel a surge of power!
The magic dart hits the adder.
You kill the adder!
* * * LOW HITPOINT WARNING * * *
You feel very sick.
Your Fighting skill increases to level 1!
Your Armour skill increases to level 1!
Your Conjurations skill increases to level 2!
There is a lethal amount of poison in your body!
There is a lethal amount of poison in your body!
* * * LOW HITPOINT WARNING * * *
You feel sick.
You die...

.....##.##
.........#
#........#
........#
...[....# ##
#...)...#
##...##...>...#
.......@...$.!.
##...##.#####..
## #.# #.. ###


There were no monsters in sight!

Vanquished Creatures
  Robin (D:2)
  An adder (D:2)
  3 endoplasms (D:1)
  2 giant cockroaches (D:1)
  9 goblins
  7 hobgoblins (D:1)
  2 quokkas (D:1)
  A ball python (D:1)
  A bat (D:1)
  4 frilled lizards (D:1)
  3 kobolds (D:1)
  A rat (D:1)
35 creatures vanquished.

Notes
Turn   | Place    | Note
-------+----------+-------------------------------------------
     0 | D:1      | pokeman the Deep Elf Hedge Wizard began the quest for the
                  | Orb.
     0 | D:1      | Reached XP level 1. HP: 10/10 MP: 7/7
    81 | D:1      | Found a faded altar of an unknown god.
   377 | D:1      | Reached XP level 2. HP: 15/15 MP: 6/9
  1048 | D:1      | Reached skill level 5 in Spellcasting
  1191 | D:2      | Noticed Robin
  1231 | D:1      | Reached XP level 3. HP: 10/20 MP: 4/11
  1237 | D:1      | Learned a level 3 spell: Mephitic Cloud
  1240 | D:1      | Learned a level 2 spell: Call Imp
  1243 | D:1      | Learned a level 2 spell: Blink
  1401 | D:2      | Killed Robin
  1595 | D:2      | HP: 1/20 [adder (1)]
  1598 | D:2      | Reached skill level 1 in Fighting
  1598 | D:2      | Reached skill level 1 in Armour
  1599 | D:2      | Succumbed to an adder's poison

Illustrated notes

Levels and vault maps discovered:
D:1:      dpeg_arrival_yet_another_circle, layout_basic,
          dreamdust_ecumenical_altar_grove
D:2:      layout_loops_cross, uniq_jessica, uniq_crazy_yiuf_cottage, uniq_robin

Skill      XL: |  1  2  3 |
---------------+----------+-----
Spellcasting   | 5 |  5.4
Fighting       | 1 |  1.0
Armour         | 1 |  1.0
Conjurations   | 2 |  2.0
Dodging        | |  2.4
Stealth        | |  2.4
Summonings     | |  1.1
Translocations | |  1.1

Action                     || total
---------------------------++-------
  Melee: Staff             ||     7
   Cast: Magic Dart        ||    83
         Mephitic Cloud    ||     1
    Use: Potion            ||     1
   Stab: Confused          ||     2
 Armour: Robe              ||    36
  Dodge: Dodged            ||    33

Table legend: (Time is in decaauts)
 A = Elapsed time spent in this place.
 B = Non-inter-level travel time spent in this place.
 C = Inter-level travel time spent in this place.
 D = Time resting spent in this place.
 E = Time spent auto-exploring this place.
 F = Levels seen in this place.
 G = Mean time per level.
                   A        B        C        D        E       F      G
               +--------+--------+--------+--------+--------+-----+--------+
         Total |   1603 |   1526 |     77 |    323 |   1000 |   2 |  801.5 |
       Dungeon |   1603 |   1526 |     77 |    323 |   1000 |   2 |  801.5 |
               +--------+--------+--------+--------+--------+-----+--------+

Top non-repeatable levels by time:
     D:1: 1566 daAuts
     D:2: 36 daAuts
